 Dungeon Crawl Stone Soup version 0.31-a0-496-g6f97920a28 (webtiles) character file.

Game seed: 7319911111316160779

1177 pokeman the Thaumaturge (level 8, 0/44 HPs)
             Began as a Deep Elf Hedge Wizard on Aug 9, 2023.
             Slain by a black bear (9 damage)
             ... on level 5 of the Dungeon.
             The game lasted 00:10:53 (6029 turns).

pokeman the Thaumaturge (Deep Elf Hedge Wizard)     Turns: 6029, Time: 00:10:54

Health: 0/44       AC: -2    Str:  7    XL:     8   Next: 18%
Magic:  5/23       EV: 13    Int: 22    God:
Gold:   201        SH:  0    Dex: 14    Spells: 18/26 levels left

rFire   . . .        u - +0 hand axe (drain)
rCold   . . .        (no shield)
rNeg    . . .        D - +0 robe "Loakaon" {+Inv Archmagi}
rPois   .            p - +0 helmet
rElec   .            a - +0 cloak
rCorr   .            (no gloves)
SInv    .            k - +0 pair of boots
Will    .....        A - amulet of the acrobat
Stlth   +            (no ring)
HPRegen 0.27/turn    (no ring)
MPRegen 0.18/turn

%: acrobat, archmagi
@: confused, corroded
A: no striking features
a: Evoke Invisibility


You were on level 5 of the Dungeon.
You visited 1 branch of the dungeon, and saw 5 of its levels.

You collected 201 gold pieces.

Inventory:

Hand Weapons
 u - a +0 hand axe of draining (weapon)
Missiles
 C - a throwing net
Armour
 a - a +0 cloak (worn)
 k - a +0 pair of boots (worn)
 p - a +0 helmet (worn)
 D - the +0 robe "Loakaon" (worn) {+Inv Archmagi}
   (You found it on level 4 of the Dungeon)

   +Inv:      It lets you turn invisible.
   Archmagi:  It increases the power of your magical spells.
Jewellery
 A - an amulet of the acrobat (around neck)
Wands
 y - a wand of quicksilver (15)
Scrolls
 c - 2 scrolls of poison {unknown}
 e - 4 scrolls of teleportation {unknown}
 i - 2 scrolls of torment {unknown}
 j - a scroll of enchant weapon {unknown}
 l - 2 scrolls of immolation {unknown}
 m - a scroll of enchant armour {unknown}
 o - a scroll of fear {unknown}
 s - a scroll of noise {unknown}
 t - 3 scrolls of blinking {unknown}
 w - a scroll of butterflies {unknown}
 x - 3 scrolls of identify {unknown}
Potions
 d - 3 potions of magic
 g - a potion of resistance {unknown}
 h - a potion of lignification {unknown}
 n - 2 potions of curing
 q - a potion of might {unknown}
 r - a potion of degeneration {unknown}
 v - 2 potions of cancellation {unknown}
 z - 2 potions of enlightenment {unknown}
 B - a potion of haste {unknown}


   Skills:
 - Level 2.0 Fighting
 + Level 2.7 Armour
 - Level 3.0 Dodging
 - Level 3.0 Stealth
 * Level 9.5 Spellcasting
 + Level 5.0 Conjurations
 - Level 1.1 Summonings
 - Level 1.1 Translocations
 - Level 1.0 Air Magic
 - Level 1.0 Poison Magic
 - Level 1.3 Evocations


You had 18 spell levels left.
You knew the following spells:

 Your Spells              Type           Power      Damage    Failure   Level
a - Magic Dart            Conj           100%       1d8       1%          1
b - Mephitic Cloud        Conj/Pois/Air  31%        N/A       7%          3
c - Call Imp              Summ           46%        N/A       6%          2
d - Blink                 Tloc           46%        N/A       6%          2

Your spell library contained the following spells:

 Spells                   Type           Power      Damage    Failure   Level
 Summon Small Mammal      Summ           92%        N/A       4%          1
 Slow                     Hex            60%        N/A       6%          1
 Cigotuvi's Dreadful Rot  Necr/Pois/Air  40%        N/A       7%          2
 Call Canine Familiar     Summ           23%        N/A       12%         3
 Summon Guardian Golem    Hex/Summ       19%        N/A       16%         3


Dungeon Overview and Level Annotations

Branches:
Dungeon (5/15)
 Temple: D:4-7

Altars:
Dithmenos
Elyvilon
Fedhas
Kikubaaqudgha
Makhleb
Yredelemnul
Zin

Annotations:
D:4 2 transporters, Mightysalt's ghost, weakling MfSh


Message History

You hit the adder but do no damage. You drain the adder.
The adder is almost dead.
You hit the adder but do no damage.
You catch the helpless orc completely off-guard!
You hit the orc but do no damage. You drain the orc.
You kill the orc!
The adder is engulfed in noxious fumes.
The adder appears confused.
The adder closely misses you. The adder barely misses you.
The adder is engulfed in noxious fumes.
The adder appears confused.
The black bear bites the adder.
The adder is killed!
Unknown command.
The adder is engulfed in noxious fumes.
The adder appears confused.
The black bear seems less confused.
The adder completely misses you.
The adder barely misses itself.
You catch the helpless adder completely off-guard!
You hit the adder.
The adder is lightly wounded.
The adder barely misses you.
Casting: Mephitic Cloud (dangerous; 7% risk of failure)
Confirm with . or Enter, or press ? or * to list all spells.
Aiming: Mephitic Cloud (dangerous; 7% risk of failure)
Press: ? - help, Shift-Dir - straight line, f - black bear
Aim: a black bear (lightly wounded, chance to affect: 72%)
You feel a surge of power!
The ball explodes into a vile cloud!
The stinking cloud engulfs the black bear but does no damage.
The black bear is lightly wounded.
The stinking cloud engulfs you but does no damage.
You are engulfed in noxious fumes.
You choke on the stench!
You are confused.
The black bear is engulfed in noxious fumes.
The black bear misses you. The black bear claws you.
* * * LOW HITPOINT WARNING * * *
The black bear claws you.
* * * LOW HITPOINT WARNING * * *
Unknown command.
The black bear attacks as you move away!
The black bear bites you!
You die...

#......#...##.....
#......
##.....##.o†#......
#.#.###
####.)....##...'......
#.#.#
#...))..####...#......
#.#.# #.####### #.))#
..... #.#.# ####.##
#...# ...# #.#.#
......# #☼☼○#
#####.#.# ......#
#○h○# ...#.# ......#
+.@°# #.#.# ......#
#...# #...# ......#
#...# #...## ......#
#S... #.#..# ......#
############ #.#..##
......# #.........
...#.... ......#
#.######## #..#.##.
......###'## #..#.##.
......†....# #..#.##.


You could see a black bear, an orc wizard (confused) and an adder (confused).

Vanquished Creatures
  A black bear (D:4)
  An ogre (D:5)
  2 scorpions
  A gnoll bouda (D:4)
  4 jellies
  4 hounds (D:5)
  Ijyb (D:4)
  6 orc wizards
  A gnoll (D:4)
  10 adders
  3 dart slugs
  13 orcs
  8 ball pythons
  5 endoplasms
  5 giant cockroaches
  9 goblins
  6 hobgoblins
  3 jackals (D:3)
  9 kobolds
  A quokka (D:2)
  9 bats
  3 frilled lizards
  A jackal zombie (D:5)
  3 rats (D:1)
109 creatures vanquished.

Vanquished Creatures (collateral kills)
  A human (D:5)
  Pargi (D:3)
  2 gnolls (D:4)
  3 orcs (D:5)
7 creatures vanquished.

Vanquished Creatures (others)
  A human (D:3)
1 creature vanquished.

Grand Total: 117 creatures vanquished

Notes
Turn   | Place    | Note
-------+----------+-------------------------------------------
     0 | D:1      | pokeman the Deep Elf Hedge Wizard began the quest for the
                  | Orb.
     0 | D:1      | Reached XP level 1. HP: 10/10 MP: 7/7
   249 | D:1      | Reached XP level 2. HP: 16/16 MP: 1/9
   709 | D:1      | Reached skill level 5 in Spellcasting
  1140 | D:2      | Reached XP level 3. HP: 20/20 MP: 8/11
  1144 | D:2      | Learned a level 3 spell: Mephitic Cloud
  1147 | D:2      | Learned a level 2 spell: Call Imp
  1150 | D:2      | Learned a level 2 spell: Blink
  1235 | D:2      | Found a glowing silver altar of Zin.
  1366 | D:2      | Found a faded altar of an unknown god.
  1736 | D:2      | You fall into a shaft and drop 1 floor!
  1736 | D:3      | Found a blossoming altar of Fedhas.
  1756 | D:3      | Reached skill level 1 in Fighting
  1925 | D:3      | Noticed Pargi
  1957 | D:3      | Killed Pargi
  1958 | D:3      | Reached skill level 1 in Armour
  1958 | D:3      | Reached XP level 4. HP: 19/25 MP: 4/13
  2057 | D:3      | Reached XP level 5. HP: 29/29 MP: 12/15
  2105 | D:3      | Reached skill level 6 in Spellcasting
  2257 | D:3      | Found a shadowy altar of Dithmenos.
  3406 | D:3      | Found an ancient bone altar of Kikubaaqudgha.
  3407 | D:3      | Noticed a human
  3409 | D:3      | Killed a human
  3463 | D:3      | Reached skill level 1 in Air Magic
  3722 | D:3      | Reached XP level 6. HP: 34/34 MP: 10/17
  3951 | D:4      | Reached skill level 7 in Spellcasting
  4021 | D:4      | Found a white marble altar of Elyvilon.
  4036 | D:4      | Reached skill level 1 in Poison Magic
  4088 | D:4      | Found a burning altar of Makhleb.
  4261 | D:4      | Noticed Ijyb
  4288 | D:4      | Killed Ijyb
  4556 | D:4      | Found a transporter.
  4565 | D:4      | Identified the +1 great mace of Purpose {freeze, Str+3
                  | SInv}
  4565 | D:4      | Noticed Mightysalt's ghost (weakling MfSh)
  4566 | D:4      | Found a transporter.
  4704 | D:4      | Reached XP level 7. HP: 8/39 MP: 4/20
  4978 | D:4      | Identified the +0 robe "Loakaon" {+Inv Archmagi}
  5074 | D:4      | Reached skill level 1 in Evocations
  5389 | D:5      | Entered Level 5 of the Dungeon
  5423 | D:5      | Reached skill level 8 in Spellcasting
  5642 | D:5      | Found a runed translucent door.
  5642 | D:5      | Noticed a human
  5651 | D:5      | Found a basalt altar of Yredelemnul.
  5674 | D:5      | Killed a human
  5869 | D:5      | Reached skill level 9 in Spellcasting
  5939 | D:5      | Reached XP level 8. HP: 44/44 MP: 14/23
  6012 | D:5      | Reached skill level 5 in Conjurations
  6015 | D:5      | HP: 2/44 [poisoned by an adder]
  6021 | D:5      | HP: 2/44 [adder (1)]
  6029 | D:5      | Slain by a black bear

Illustrated notes

Levels and vault maps discovered:
D:1:      co_arrival_square_in_a_square_in_a_square, layout_rooms,
          minmay_misc_feat_plants
D:2:      layout_basic, basic_ecumenical_altar, basic_altar
D:3:      layout_basic, fedhas_altar_4, tgw_kikubaaqudgha,
          grunt_dithmenos_smoke_and_mirrors, serial_bayou_ford_a,
          minmay_box_of_dots, uniq_pargi
D:4:      layout_basic, lemuel_tele_altar, old_standard_altar,
          gammafunk_ghost_smash, nicolae_grassy_gnolls, uniq_ijyb
D:5:      minmay_opposing_rooms, layout_basic, dk_yredelemnul_ordeal,
          lightli_minifort

Skill      XL: |  1  2  3  4  5  6  7  8 |
---------------+-------------------------+-----
Spellcasting   | 5 6 7 9 |  9.5
Fighting       | 1 2 |  2.0
Armour         | 1 2 |  2.7
Dodging        | 3 |  3.0
Conjurations   | 2 3 4 5 |  5.0
Stealth        | 3 |  3.0
Air Magic      | 1 |  1.0
Poison Magic   | 1 |  1.0
Evocations     | 1 |  1.3
Summonings     | |  1.1
Translocations | |  1.1

Action                     |  1- 3 |  4- 6 |  7- 9 || total
---------------------------+-------+-------+-------++-------
  Melee: Whip              |    11 |    27 |       ||    38
         Hand axe          |       |    65 |    35 ||   100
         Punch             |       |     1 |       ||     1
   Cast: Magic Dart        |    99 |   102 |    59 ||   260
         Mephitic Cloud    |     2 |    15 |    11 ||    28
         Call Imp          |     1 |     3 |     1 ||     5
         Blink             |       |     1 |       ||     1
    Use: Potion            |       |       |     2 ||     2
   Stab: Confused          |     1 |    11 |     6 ||    18
         Sleeping          |       |     1 |       ||     1
 Armour: Robe              |    13 |    24 |    10 ||    47
  Dodge: Dodged            |    22 |    74 |    40 ||   136

Table legend: (Time is in decaauts)
 A = Elapsed time spent in this place.
 B = Non-inter-level travel time spent in this place.
 C = Inter-level travel time spent in this place.
 D = Time resting spent in this place.
 E = Time spent auto-exploring this place.
 F = Levels seen in this place.
 G = Mean time per level.
                   A        B        C        D        E       F      G
               +--------+--------+--------+--------+--------+-----+--------+
         Total |   6070 |   5936 |    134 |     95 |   4946 |   5 | 1214.0 |
       Dungeon |   6070 |   5936 |    134 |     95 |   4946 |   5 | 1214.0 |
               +--------+--------+--------+--------+--------+-----+--------+

Top non-repeatable levels by time:
     D:2: 1518 daAuts
     D:4: 1478 daAuts
     D:3: 1395 daAuts
     D:1: 1030 daAuts
     D:5: 648 daAuts
